 Dungeon Crawl Stone Soup version 0.28.0 (webtiles) character file.

Game seed: 13465672352360125212

4977 browni3141 the Grappler (level 10, -6/107 HPs)
             Began as a Troll Berserker on Feb 10, 2022.
             Was an Elder of Trog.
             Mangled by a killer bee (7 damage)
             ... on level 7 of the Dungeon.
             The game lasted 00:05:34 (6003 turns).

browni3141 the Grappler (Troll Berserker)           Turns: 6003, Time: 00:05:34

Health: -6/107     AC:  4    Str: 31    XL:     10   Next: 29%
Magic:  9/9        EV: 10    Int:  3    God:    Trog [****..]
Gold:   409        SH:  0    Dex:  9    Spells: 9/9 levels left

rFire   . . .      SeeInvis +     - Unarmed
rCold   . . .      Faith    +   (no shield)
rNeg    . . .      Spirit   .   a - +0 animal skin
rPois   .          Reflect  .   (helmet restricted)
rElec   .          Harm     .   (no cloak)
rCorr   .          Rampage  .   (gloves unavailable)
Will    +++..                   (boots unavailable)
Stlth   +.........              E - amulet of faith
HPRegen 2.07/turn               h - ring of see invisible
MPRegen 0.11/turn               y - ring of willpower

@: lethally poisoned (-6 -> -7), strong-willed, on berserk cooldown,
regenerating, slowed, very slow
A: large, unfitting armour, claws 3, regeneration 1, shaggy fur 1, tough skin 1
a: Renounce Religion, Berserk, Trog's Hand, Brothers in Arms


You were on level 7 of the Dungeon.
You worshipped Trog.
Trog was greatly pleased with you.
You visited 1 branch of the dungeon, and saw 7 of its levels.

You collected 409 gold pieces.

Inventory:

Missiles
 d - 7 curare-tipped darts (quivered)
 C - 6 throwing nets
Armour
 a - a +0 animal skin (worn)
Jewellery
 h - a ring of see invisible (left claw)
 p - an amulet of reflection
 u - an amulet of magic regeneration
 y - a ring of willpower (right claw)
 A - an amulet of the acrobat
 E - an amulet of faith (around neck)
Wands
 x - a wand of charming (13)
 B - a wand of flame (24)
Scrolls
 f - 3 scrolls of teleportation {unknown}
 i - a scroll of immolation {unknown}
 j - 2 scrolls of magic mapping {unknown}
 k - 3 scrolls of torment {unknown}
 l - 4 scrolls of identify {unknown}
 o - 2 scrolls of fog {unknown}
 q - a scroll of enchant armour {unknown}
 r - a scroll of amnesia {unknown}
 s - a scroll of blinking {unknown}
 w - a scroll of enchant weapon {unknown}
 D - a scroll of vulnerability {unknown}
Potions
 b - 3 potions of degeneration {unknown}
 c - a potion of berserk rage {unknown}
 e - 2 potions of might {unknown}
 g - 4 potions of curing {unknown}
 m - a potion of heal wounds {unknown}
 n - a potion of brilliance {unknown}
 t - a potion of haste {unknown}
 v - a potion of mutation {unknown}
 z - a potion of attraction {unknown}


   Skills:
 + Level 9.5 Fighting
 - Level 2.4 Dodging
 + Level 11.2 Unarmed Combat


You had 9 spell levels left.
You didn't know any spells.
Your spell library was empty.

Dungeon Overview and Level Annotations

Branches:
Dungeon (7/15)
 Temple: D:4-7

Altars:
Cheibriados
Kikubaaqudgha
Nemelex Xobeh

Shops:
D:5 :*   D:6 :   D:7 *

Annotations:
D:4 3 runed translucent doors, reversiblehash's ghost, amateur DsFi


Innate Abilities, Weirdness & Mutations

You are too large for most types of armour.
You have claws for hands.
Your natural rate of healing is unusually fast.
You are covered in fur. (AC +1)
You have tough skin. (AC +1)


Message History

The killer bee stings you. The killer bee barely misses you.
The killer bee stings you but does no damage.
The killer bee barely misses you.
Unknown command.
You miss the killer bee. Your claw misses the killer bee.
You feel sick. The killer bee barely misses you.
The killer bee closely misses you. x2
Unknown command.
You closely miss the killer bee.
You feel sick. The killer bee stings you!
* * * LOW HITPOINT WARNING * * *
The killer bee stings you but does no damage.
The killer bee stings you.
* * * LOW HITPOINT WARNING * * *
Unknown command.
You miss the killer bee. Your claw misses the killer bee.
You are no longer berserk.
You are exhausted.
You feel yourself slow down.
You feel sick. The killer bee misses you. The killer bee completely misses you.
The killer bee stings you.
* * * LOW HITPOINT WARNING * * *
You are more poisoned.
The killer bee poisons you!
Unknown command.
Your skin crawls.
You feel strong-willed.
You feel very sick.
The killer bee barely misses you. x2; The killer bee stings you.
* * * LOW HITPOINT WARNING * * *
The killer bee barely misses you.
The killer bee stings you but does no damage.
The killer bee barely misses you. x2; The killer bee closely misses you.
The killer bee stings you.
* * * LOW HITPOINT WARNING * * *
Unknown command.
Unknown command.
You fail to use your ability.
You feel very sick. The killer bee stings you.
* * * LOW HITPOINT WARNING * * *
The killer bee stings you!
You die...

#...#....................#≈≈≈≈
#..........#.#.........†#§≈≈≈≈
##.........####.##......≈§§..§
##.............#.####.#)†≈≈...§
###...###........... ...#..≈≈.##.
...#..######.........####..≈≈#.#(
.......# ##.......#### #..≈≈..##
......## #.....>yy.# ####..§≈≈..(
#....## #......@y###<.##..#§§≈..
#....# ...#..........##..§#§≈≈≈
.....# #..###...#..##...#≈≈≈
....... #.. ##..# .#........
.......# #..####..##..........
.......# #.........#...##..#..
........# ##...###....###......
...>....# #..#####...#.#...### ..
... #............####


You could see 3 killer bees.

Vanquished Creatures
  A two-headed ogre (D:6)
  Pikel (D:7)
  Sigmund (D:2)
  Eustachio (D:6)
  2 steam dragons (D:7)
  A water moccasin (D:7)
  Duvessa (D:6)
  An orc warrior (D:6)
  2 ice beasts
  3 sky beasts (D:7)
  3 black bears
  4 ogres
  2 necrophages (D:7)
  2 lemures (D:7)
  2 centaurs (D:7)
  A bullfrog (D:6)
  A kobold brigand (D:6)
  A wyvern zombie (D:7)
  2 gnoll sergeants
  2 scorpions (D:6)
  A water moccasin zombie (D:5)
  Dowan (D:6)
  3 killer bees
  A howler monkey (D:6)
  A centaur zombie (D:6)
  3 jellies
  2 orc priests (D:6)
  2 gnoll shamans (D:7)
  5 hounds
  Terence (D:2)
  A centaur skeleton (D:7)
  3 orc wizards
  Natasha (D:3)
  2 iguanas
  A killer bee zombie (D:7)
  18 gnolls
  7 adders
  2 white imps
  An adder skeleton (D:4)
  5 dart slugs
  20 orcs
  8 endoplasms
  6 giant cockroaches
  9 goblins
  13 hobgoblins
  3 jackals (D:7)
  15 kobolds
  5 quokkas
  7 ball pythons
  8 bats
  6 frilled lizards
  6 rats
201 creatures vanquished.

Notes
Turn   | Place    | Note
-------+----------+-------------------------------------------
     0 | D:1      | browni3141 the Troll Berserker began the quest for the Orb.
     0 | D:1      | Reached XP level 1. HP: 22/22 MP: 0/0
   200 | D:1      | Reached XP level 2. HP: 17/29 MP: 1/1
   359 | D:1      | Found a faded altar of an unknown god.
   498 | D:1      | Reached ** piety under Trog
   499 | D:1      | Reached XP level 3. HP: 37/37 MP: 2/2
   842 | D:2      | Noticed Sigmund
   850 | D:2      | Killed Sigmund
   851 | D:2      | Reached skill level 4 in Unarmed Combat
   851 | D:2      | Reached XP level 4. HP: 48/48 MP: 3/3
   851 | D:2      | Reached XP level 5. HP: 54/54 MP: 4/4
  1055 | D:2      | Noticed Terence
  1067 | D:2      | Killed Terence
  1068 | D:2      | Reached skill level 5 in Unarmed Combat
  1835 | D:3      | Reached XP level 6. HP: 62/62 MP: 5/5
  2083 | D:3      | Noticed Natasha
  2091 | D:3      | Killed Natasha
  2270 | D:3      | Reached *** piety under Trog
  2746 | D:4      | Reached skill level 5 in Fighting
  2746 | D:4      | Reached skill level 6 in Unarmed Combat
  2746 | D:4      | Reached XP level 7. HP: 63/72 MP: 6/6
  2810 | D:4      | Found an ancient bone altar of Kikubaaqudgha.
  2813 | D:4      | Found a sparkling altar of Nemelex Xobeh.
  2815 | D:4      | Found a snail-covered altar of Cheibriados.
  3109 | D:4      | Found a runed translucent gate.
  3109 | D:4      | Found a runed translucent gate.
  3109 | D:4      | Found a runed translucent gate.
  3110 | D:4      | Noticed reversiblehash's ghost (amateur DsFi)
  3522 | D:5      | Entered Level 5 of the Dungeon
  3701 | D:5      | Reached skill level 7 in Unarmed Combat
  3739 | D:5      | Reached XP level 8. HP: 68/83 MP: 7/7
  3848 | D:5      | Found Leessabb's Book Boutique.
  3863 | D:5      | Found Pozaovel's General Store.
  4068 | D:6      | Noticed Eustachio
  4090 | D:6      | Killed Eustachio
  4304 | D:6      | Reached skill level 8 in Unarmed Combat
  4316 | D:6      | Found Nynausan's Book Shop.
  4353 | D:6      | Noticed a two-headed ogre
  4362 | D:6      | Killed a two-headed ogre
  4363 | D:6      | Reached XP level 9. HP: 93/93 MP: 8/8
  4365 | D:6      | Reached skill level 9 in Unarmed Combat
  4457 | D:6      | Reached **** piety under Trog
  4565 | D:6      | Noticed Dowan
  4566 | D:6      | Noticed Duvessa
  4574 | D:6      | Killed Duvessa
  4577 | D:6      | Killed Dowan
  5289 | D:7      | Noticed Pikel
  5319 | D:7      | Reached skill level 10 in Unarmed Combat
  5343 | D:7      | Killed Pikel
  5448 | D:7      | Reached XP level 10. HP: 104/107 MP: 9/9
  5716 | D:7      | Reached skill level 11 in Unarmed Combat
  5953 | D:7      | Found Bosaustev's Assorted Antiques.
  6003 | D:7      | HP: 1/107 [killer bee (6)]
  6003 | D:7      | Mangled by a killer bee

Illustrated notes

Levels and vault maps discovered:
D:1:      beargit_arrival_diablo_church, layout_basic,
          hellmonk_ecumenical_altar_lost_god
D:2:      layout_basic, minmay_heptomino_h4, uniq_sigmund, uniq_terence
D:3:      layout_basic, uniq_natasha
D:4:      layout_loops_ring, grunt_temple_overflow_open,
          gammafunk_ghost_necromancy
D:5:      layout_rooms, serial_rivers, chequers_serial_rivers_micro_c,
          chequers_serial_rivers_micro_e, chequers_serial_rivers_micro_e,
          chequers_serial_rivers_marsh, chequers_serial_rivers_micro_b,
          chequers_serial_rivers_room_a, nicolae_wooded_promenade
D:6:      layout_layer_cave, serial_shops, nicolae_shop_trees, uniq_duvessa,
          uniq_eustachio
D:7:      cheibrodos_helix_gallery, layout_cave_pools,
          minmay_temple_entry_glassed_door, serial_gnoll_camp,
          gnoll_camp_mini_doghouse, gnoll_camp_mini_basic, gnoll_camp_medium_01,
          gnoll_camp_mini_shop, gnoll_camp_medium_02, hangedman_misty_isle,
          uniq_pikel

Skill      XL: |  1  2  3  4  5  6  7  8  9 10 |
---------------+-------------------------------+-----
Fighting       | 3 4 5 6 7 9 |  9.5
Unarmed Combat | 4 5 6 7 8 10 11 | 11.2
Dodging        | |  2.4

Action                   |  1- 3 |  4- 6 |  7- 9 | 10-12 || total
-------------------------+-------+-------+-------+-------++-------
Melee: Unarmed           |    83 |   134 |   211 |    79 ||   507
       Punch             |     1 |     5 |     8 |     4 ||    18
Throw: Dart              |       |       |     1 |       ||     1
Invok: Berserk           |     2 |     3 |     8 |     4 ||    17
       Trog's Hand       |       |       |       |     1 ||     1
 Stab: Sleeping          |       |     1 |       |       ||     1
Armor: Animal skin       |    26 |    27 |    45 |    18 ||   116
Dodge: Dodged            |    56 |    57 |    87 |    51 ||   251
Block: Other             |       |    11 |    58 |    10 ||    79
       Reflection        |       |       |     2 |     1 ||     3
